 Dungeon Crawl Stone Soup version 0.30-a0-748-ge6a52f7cba (webtiles) character file.

Game seed: 17263244541547311535

233987 Darius099 the Severer (level 18, 0/166 HPs)
             Began as a Minotaur Fighter on Feb 8, 2023.
             Was a High Priest of Okawaru.
             Killed from afar by a fire giant (61 damage)
             ... with a fireball
             ... on level 1 of the Vaults.
             The game lasted 02:52:47 (42862 turns).

Darius099 the Severer (Minotaur Fighter)           Turns: 42862, Time: 02:52:48

Health: 0/166      AC: 32    Str: 29    XL:     18   Next: 43%
Magic:  21/27      EV: 10    Int:  7    God:    Okawaru [*****.]
Gold:   3910       SH: 21    Dex:  5    Spells: 17/17 levels left

rFire   . . .      SeeInvis +    m - +7 broad axe "Nynaseh" {flame, rN+++ Dex-5 SInv}
rCold   . . .      Faith    .    R - +2 tower shield {reflect}
rNeg    + + +      Spirit   .    O - +1 plate armour "Zafigyn" {Slay+2}
rPois   +          Reflect  +    (helmet restricted)
rElec   +          Harm     .    V - +0 cloak
rCorr   +          Rampage  +    a - +0 pair of gloves "Unauroe" {+Inv Will+}
Will    ++++.                    b - +2 pair of boots {rampage} Stlth
                                 s - amulet "Ponen" {Acrobat rCorr Int+2}
HPRegen 0.47/turn                W - ring of Tender Moments {Contam rElec rPois Will++ AC+4}
MPRegen 0.20/turn                S - +4 ring of slaying

@: heroic, finesse-ful
A: horns 2, retaliatory headbutt
}: 2/15 runes: barnacled, gossamer
a: Renounce Religion, Evoke Invisibility, Heroism, Finesse, Duel


You were on level 1 of the Vaults.
You worshipped Okawaru.
Okawaru was extremely pleased with you.
You visited 8 branches of the dungeon, and saw 33 of its levels.

You collected 4847 gold pieces.
You spent 937 gold pieces at shops.

Inventory:

Hand Weapons
 c - a +2 vampiric broad axe
 m - the +7 broad axe "Nynaseh" (weapon) {flame, rN+++ Dex-5 SInv}
   (You acquired it on level 12 of the Dungeon)

   Dex:       It affects your dexterity (-5).
   rN:        It renders you almost immune to negative energy.
   SInv:      It lets you see invisible.
 C - the +7 war axe "Waazuf" {heavy, rF+ rC+ Int+2 Dex+3}
   (Okawaru gifted it to you on level 1 of the Spider Nest)

   Int:       It affects your intelligence (+2).
   Dex:       It affects your dexterity (+3).
   rF:        It protects you from fire.
   rC:        It protects you from cold.
Missiles
 o - 54 stones
 v - 3 silver boomerangs
 y - a throwing net
 J - 11 javelins
 P - 18 boomerangs (quivered)
 Q - 10 silver javelins
 Z - 57 poisoned darts
Armour
 a - the +0 pair of gloves "Unauroe" (worn) {+Inv Will+}
   (You bought it in a shop on level 2 of the Orcish Mines)

   +Inv:      It lets you turn invisible.
   Will:      It increases your willpower.
 b - a +2 pair of boots of rampaging (worn)
 j - a +2 pair of gloves of hurling
 O - the +1 plate armour "Zafigyn" (worn) {Slay+2}
   (You found it on level 4 of the Lair of Beasts)

   Slay:      It affects your accuracy & damage with ranged weapons and melee
   (+2).
 R - a +2 tower shield of reflection (worn)
 U - a +2 plate armour of cold resistance
 V - a +0 cloak (worn)
Jewellery
 e - a +6 ring of intelligence
 s - the amulet "Ponen" (around neck) {Acrobat rCorr Int+2}
   (You acquired it on level 2 of the Spider Nest)

   [amulet of the acrobat]

   It increases your evasion while moving and waiting.
   Int:       It affects your intelligence (+2).
   rCorr:     It protects you from acid and corrosion.
 F - the ring "Soubevow" {rPois Will+++ rCorr Str-5 Dex-5}
   (You found it on level 6 of the Dungeon)

   [ring of resist corrosion]

   Str:       It affects your strength (-5).
   Dex:       It affects your dexterity (-5).
   rPois:     It protects you from poison.
   rCorr:     It protects you from acid and corrosion.
   Will:      It greatly increases your willpower.
 S - a +4 ring of slaying (right hand)
 W - the ring of Tender Moments (left hand) {Contam rElec rPois Will++ AC+4}
   (You took it off a deep elf pyromancer on level 12 of the Dungeon)

   [ring of protection]

   AC:        It affects your AC (+4).
   rElec:     It insulates you from electricity.
   rPois:     It protects you from poison.
   Contam:    It causes magical contamination when unequipped.
   Will:      It greatly increases your willpower.
Wands
 f - a wand of roots (27)
 l - a wand of quicksilver (7)
 x - a wand of mindburst (5)
 H - a wand of polymorph (14)
 I - a wand of paralysis (25)
 K - a wand of flame (26)
 L - a wand of digging (15)
Scrolls
 g - 3 scrolls of poison
 k - 2 scrolls of fear
 p - 5 scrolls of teleportation
 q - a scroll of blinking
 t - 5 scrolls of magic mapping
 A - 5 scrolls of fog
 B - 13 scrolls of identify
Potions
 d - 7 potions of might
 h - 8 potions of lignification
 i - 2 potions of heal wounds
 n - 9 potions of ambrosia
 r - 10 potions of haste
 u - 18 potions of curing
 w - 5 potions of mutation
 z - 3 potions of flight
 M - 2 potions of berserk rage
 N - 2 potions of resistance
 T - 3 potions of invisibility
 X - 3 potions of cancellation
Miscellaneous
 E - a condenser vane
 G - a tin of tremorstones (2/2)
 Y - a phial of floods


   Skills:
 + Level 16.2(21.2) Fighting
 - Level 18.0(23.0) Axes
 - Level 10.0(15.0) Throwing
 + Level 16.3(21.3) Armour
 + Level 8.9(13.9) Dodging
 + Level 16.3(21.3) Shields
 - Level 14.0 Invocations
 - Level 9.0 Evocations


You had 17 spell levels left.
You didn't know any spells.
Your spell library contained the following spells:

 Spells                   Type           Power      Damage    Failure   Level
 Magic Dart               Conj           0%         1d3       98%         1
 Shock                    Conj/Air       0%         1d3       98%         1
 Sublimation of Blood     Necr           0%         N/A       99%         2
 Wereblood                Tmut           0%         N/A       99%         2
 Frozen Ramparts          Ice            0%         1d1       100%        3
 Hailstorm                Conj/Ice       0%         3d3       100%        3
 Ignite Poison            Fire/Tmut/Pois 0%         N/A       100%        3
 Kindle Blastsparks       Fire/Tloc/Air  0%         2d10      100%        3
 Mephitic Cloud           Conj/Pois/Air  0%         N/A       100%        3
 Ozocubu's Armour         Ice            0%         N/A       100%        3
 Stone Arrow              Conj/Erth      0%         3d7       100%        3
 Swiftness                Air            0%         N/A       100%        3
 Vhi's Electric Charge    Tloc/Air       0%         N/A       100%        3
 Airstrike                Air            0%         2d(0-16)  100%        4
 Ice Form                 Ice/Tmut       0%         N/A       100%        4
 Petrify                  Tmut/Erth      0%         N/A       100%        4
 Arcjolt                  Conj/Air       0%         1d10      100%        5
 Blade Hands              Tmut           0%         N/A       100%        5
 Freezing Cloud           Conj/Ice/Air   0%         6-21      100%        5
 Irradiate                Conj/Tmut      0%         3d11      100%        5
 Iskenderun's Battlesphe  Conj           0%         2d6       100%        5
 Lightning Bolt           Conj/Air       0%         1d11      100%        5
 Eringya's Noxious Bog    Tmut/Pois      0%         N/A       100%        6
 Iron Shot                Conj/Erth      0%         9d1       100%        6
 Dragon Form              Tmut           0%         N/A       100%        7
 Ozocubu's Refrigeration  Ice            0%         4d7       100%        7
 Lehudib's Crystal Spear  Conj/Erth      0%         10d2      100%        8
 Maxwell's Capacitive Co  Air            0%         ∞         100%        8
 Chain Lightning          Conj/Air       0%         N/A       100%        9
 Call Imp                 Summ           Unusable   N/A       N/A         2
 Animate Armour           Summ/Erth      Unusable   N/A       N/A         4
 Summon Ice Beast         Ice/Summ       Unusable   N/A       N/A         4
 Summon Lightning Spire   Summ/Air       Unusable   N/A       N/A         4
 Summon Forest            Summ/Tloc      Unusable   N/A       N/A         5
 Spellforged Servitor     Conj/Summ      Unusable   N/A       N/A         7
 Summon Hydra             Summ           Unusable   N/A       N/A         7

Dungeon Overview and Level Annotations

Branches:
Dungeon (15/15)            Temple (1/1) D:7            Lair (5/5) D:9
 Shoals (4/4) Lair:2       Spider (4/4) Lair:3        Slime (0/5) Lair:4
    Orc (2/2) D:12            Elf (0/3) Orc:2        Vaults (1/5) D:14
 Depths (1/4) D:15

Altars:
Ashenzari
Cheibriados
Dithmenos
Elyvilon
Fedhas
Gozag
Hepliaklqana
Kikubaaqudgha
Makhleb
Nemelex Xobeh
Okawaru
Qazlal
Ru
Sif Muna
Trog
Uskayaw
Vehumet
Wu Jian
Xom
Yredelemnul
Zin
The Shining One
Jiyva

Shops:
D:3 !   D:4 ***=   D:10 (   Orc:1 =   Orc:2 **[((   Shoals:2 *   Shoals:4 *[(

Annotations:
Shoals:3 3 runed translucent doors, exclusion: obsidian statue, Buakyke's ghost, adept OpMo; Louise


Innate Abilities, Weirdness & Mutations

You have a pair of horns on your head.
You reflexively headbutt those who attack you in melee.


Message History

Electricity crackles from the ironbound thunderhulk's apparatus.
The bolt of lightning hits you! You resist.
You gain the combat prowess of a mighty hero.
Electricity crackles from the ironbound thunderhulk's apparatus.
The bolt of lightning hits you!! You resist.
You hit the ironbound convoker. You burn the ironbound convoker.
The ironbound convoker is lightly wounded.
You barely miss the ironbound convoker.
You block the ironbound convoker's attack.
The ironbound convoker hits you with a +0 great mace!
Electricity crackles from the ironbound thunderhulk's apparatus.
The bolt of lightning hits you! You resist.
You cut the ironbound convoker into ribbons!!!
You burn the ironbound convoker.
You kill the ironbound convoker!
Okawaru accepts your kill.
You hit the ironbound convoker. You burn the ironbound convoker.
You slice the ironbound convoker!! You burn the ironbound convoker.
The ironbound convoker is almost dead.
The ironbound convoker hits you with a +0 great mace!
You slice the ironbound convoker!! You burn the ironbound convoker.
You kill the ironbound convoker!
Okawaru accepts your kill. Okawaru grants you armour!
Something appears at your feet!
You see here the +1 hat of Filoette {-Cast rF+ Stlth+}.
You slice the yaktaur!! You burn the yaktaur!
You kill the yaktaur!
Okawaru accepts your kill.
The fire giant hits you but does no damage.
There is an open door, spattered with blood here.
Items here: ))) [[ ††.
You slice the fire giant!! You burn the fire giant.
You headbutt the fire giant.
The fire giant is moderately wounded.
Electricity crackles from the ironbound thunderhulk's apparatus.
The bolt of lightning hits you! You resist.
The fire giant casts a spell at you.
The fireball explodes!
The fireball engulfs you!!!
You die...

###########################
...........................
...............[)..........
.....###########@#########.
.....# #..C)..#
.....####### #...†..#
.....#.....# #..O#.)#
#....#.###.# #.#....#
#....#.#^#.# #....#.######
#....#.###.# #..#........#
#....'.....# #........#..#
#....####### #.....)#....#


You could see a fire giant and an ironbound thunderhulk.

Vanquished Creatures
  Rupert (D:13)
  Jorgrun (D:12)
  Mlioglotl (Lair:2)
  A sphinx (Vaults:1)
  A frost giant (D:15)
  5 ghost moths
  8 emperor scorpions
  An orc warlord (D:12)
  An ironbound preserver (Vaults:1)
  5 broodmothers
  3 spark wasps
  The ghost of croobank the Impaler, a journeyman TeDe of Gozag (Lair:2)
  4 merfolk impalers
  4 merfolk javelineers
  4 entropy weavers
  A great orb of eyes (Vaults:1)
  Josephine (D:14)
  A spriggan zombie (D:15)
  2 jorogumos
  The ghost of Runaock the Devastator, a journeyman DECj of Sif Muna (Orc:1)
  6 hydras
  A rakshasa (D:14)
  3 catoblepae
  4 merfolk avatars
  13 centaur warriors
  2 ogre magi (D:15)
  3 tengu warriors (D:15)
  The ghost of Hiru the Carver, a journeyman TeMo (D:10)
  4 merfolk aquamancers
  10 two-headed ogres
  7 boulder beetles
  3 satyrs (Shoals:4)
  3 death yaks (Lair:5)
  A vampire mage (D:15)
  3 orc high priests
  8 pharaoh ants
  6 skeletal warriors
  2 sun moths
  A deep troll (Vaults:1)
  Lodul (D:10)
  15 sea snakes
  4 orb spiders
  3 ironbound convokers (Vaults:1)
  5 orc knights
  6 steelbarb worms
  17 harpies
  A tengu zombie (D:15)
  3 necromancers
  2 deep elf pyromancers
  2 lindwurms (Vaults:1)
  6 orc sorcerers
  17 ugly things
  14 fauns
  13 manticores
  A cyclops (shapeshifter) (D:13)
  5 cyclopes
  18 wolf spiders
  A moth of wrath (Spider:3)
  An iron dragon skeleton (D:15)
  3 black mambas
  8 water nymphs
  Maurice (Orc:1)
  14 elephants
  Joseph (D:10)
  4 merfolk sirens
  A stone giant skeleton (Vaults:1)
  4 demonic crawlers
  2 gargoyles
  15 cane toads
  4 torpor snails
  4 rime drakes
  Psyche (D:8)
  An unseen horror (D:12)
  11 komodo dragons
  2 yaktaurs
  2 efreet
  A tengu conjurer (D:14)
  4 polar bears
  12 meliai
  3 trolls
  15 merfolk
  15 tarantellas
  A hornet (Lair:5)
  11 wind drakes
  11 snapping turtles
  11 dream sheep
  A stone giant simulacrum (Vaults:1)
  4 blink frogs (Lair:2)
  28 slime creatures
  9 water elementals
  17 culicivoras
  3 vampires
  A shadow (D:10)
  A spriggan (D:15)
  A centaur simulacrum (D:14)
  69 yaks
  20 jumping spiders
  7 wraiths
  6 wyverns
  8 basilisks
  22 vampire mosquitoes
  56 redbacks
  3 steam dragons
  An elf skeleton (Vaults:1)
  A human zombie (D:15)
  Menkaure (D:5)
  6 wargs
  11 water moccasins
  27 orc warriors
  A sky beast (D:8)
  2 black bears
  2 ice beasts (D:5)
  9 wolves (Lair:2)
  18 centaurs
  16 ogres
  A human skeleton (Vaults:1)
  2 phantoms
  5 kobold brigands
  9 bullfrogs
  A necrophage (D:7)
  8 scorpions
  3 wights (D:8)
  7 killer bees
  6 howler monkeys
  5 electric eels
  2 jellies
  22 orc priests
  Crazy Yiuf (D:3)
  Jessica (D:3)
  A gnoll bouda (D:7)
  Natasha (thrice) (D:4)
  4 iguanas
  24 orc wizards
  5 gnolls (D:7)
  6 adders
  2 white imps
  An ufetubus (D:3)
  A worm (Lair:3)
  2 dart slugs
  81 orcs
  2 bats
  8 endoplasms
  7 giant cockroaches
  6 goblins
  8 hobgoblins
  29 kobolds
  4 quokkas
  5 ball pythons
  2 frilled lizards (D:1)
  6 rats
1056 creatures vanquished.

Vanquished Creatures (others)
  A merfolk avatar (Shoals:4)
  A black mamba (Lair:5)
  2 kobolds
  A bush (Lair:2)
  28 fungi
  188 plants
  4 withered plants (D:15)
225 creatures vanquished.

Grand Total: 1281 creatures vanquished

Notes
Turn   | Place    | Note
-------+----------+-------------------------------------------
     0 | D:1      | Darius099 the Minotaur Fighter began the quest for the Orb.
     0 | D:1      | Reached XP level 1. HP: 19/19 MP: 0/0
   102 | D:1      | Reached XP level 2. HP: 24/27 MP: 1/1
   438 | D:1      | Reached skill level 3 in Axes
   644 | D:2      | Reached XP level 3. HP: 32/33 MP: 2/2
  1032 | D:2      | Found a white marble altar of Elyvilon.
  1505 | D:3      | Found Jacaxoshrile's Distillery.
  1603 | D:3      | Found a faded altar of an unknown god.
  1700 | D:3      | Reached skill level 4 in Axes
  1700 | D:3      | Reached XP level 4. HP: 39/40 MP: 3/3
  1878 | D:3      | Noticed Jessica
  1883 | D:3      | Killed Jessica
  1884 | D:3      | Reached skill level 5 in Axes
  2113 | D:3      | Found a hide-covered altar of Uskayaw.
  2113 | D:3      | Found a snail-covered altar of Cheibriados.
  2162 | D:3      | Found a runed translucent door.
  2163 | D:3      | Noticed Crazy Yiuf
  2356 | D:3      | Killed Crazy Yiuf
  2357 | D:3      | Reached XP level 5. HP: 23/46 MP: 4/4
  2555 | D:4      | Found Diuziu's Assorted Antiques.
  2559 | D:4      | Found Xackager's Jewellery Boutique.
  2593 | D:4      | Reached skill level 6 in Axes
  2678 | D:4      | Noticed Natasha
  2685 | D:4      | Reached skill level 7 in Axes
  2685 | D:4      | Reached XP level 6. HP: 27/52 MP: 5/5
  2685 | D:4      | Killed Natasha
  2703 | D:4      | Noticed Natasha
  2708 | D:4      | Killed Natasha
  2912 | D:4      | Found Zaaqoxt's General Store.
  2919 | D:4      | Noticed Natasha
  2923 | D:4      | Killed Natasha
  2991 | D:4      | Found Haen's General Store.
  3082 | D:4      | Reached skill level 8 in Axes
  3713 | D:5      | Entered Level 5 of the Dungeon
  3739 | D:5      | Reached XP level 7. HP: 59/59 MP: 6/6
  3746 | D:5      | Reached skill level 9 in Axes
  3877 | D:5      | Noticed Menkaure
  3908 | D:5      | Killed Menkaure
  3909 | D:5      | Reached skill level 10 in Axes
  4148 | D:5      | Reached XP level 8. HP: 45/66 MP: 7/7
  4283 | D:5      | Reached skill level 11 in Axes
  4844 | D:6      | Reached skill level 12 in Axes
  4903 | D:6      | Identified the ring "Soubevow" {rPois Will+++ rCorr Str-5
                  | Dex-5}
  5337 | D:6      | Reached skill level 13 in Axes
  5570 | D:7      | HP: 1/66 [wyvern (8)]
  5810 | D:7      | Reached XP level 9. HP: 50/71 MP: 8/8
  6153 | D:7      | Found a blossoming altar of Fedhas.
  6169 | D:7      | Reached skill level 14 in Axes
  6335 | D:7      | Found a staircase to the Ecumenical Temple.
  6368 | Temple   | Entered the Ecumenical Temple
  6694 | D:7      | Reached skill level 15 in Axes
  7262 | D:8      | Noticed Psyche
  7276 | D:8      | Killed Psyche
  7277 | D:8      | Reached skill level 16 in Axes
  7340 | D:8      | Reached skill level 1 in Evocations
  7721 | D:8      | Reached XP level 10. HP: 80/80 MP: 9/9
  7729 | D:8      | Reached skill level 5 in Fighting
  7729 | D:8      | Reached skill level 5 in Armour
  7733 | D:8      | Reached skill level 5 in Shields
  8167 | D:9      | Found an iron altar of Okawaru.
  8172 | D:9      | Became a worshipper of Warmaster Okawaru
  8280 | D:9      | Found an opulent altar of Gozag.
  8576 | D:9      | Found a staircase to the Lair.
  8666 | D:9      | Reached * piety under Okawaru
  8865 | D:9      | Found a shimmering blue altar of Sif Muna.
  8909 | D:10     | Entered Level 10 of the Dungeon
  9151 | D:10     | Noticed a two-headed ogre
  9159 | D:10     | Killed a two-headed ogre
  9391 | D:10     | Found Hyloerro's Antique Weapon Boutique.
  9469 | D:10     | Identified the +1 leather armour of Plasticity {rPois
                  | Regen+ Str-3 Int+7}
  9597 | D:10     | Noticed a centaur warrior
  9612 | D:10     | Killed a centaur warrior
  9612 | D:10     | Reached ** piety under Okawaru
  9807 | D:10     | Noticed Lodul
  9842 | D:10     | Reached XP level 11. HP: 61/92 MP: 6/10
  9956 | D:10     | Killed Lodul
  9956 | D:10     | Reached *** piety under Okawaru
 10002 | D:10     | Noticed Joseph
 10018 | D:10     | Killed Joseph
 10187 | D:10     | Found a runed translucent door.
 10188 | D:10     | Noticed Hiru's ghost (journeyman TeMo)
 10360 | D:11     | Noticed a two-headed ogre
 10372 | D:11     | Killed a two-headed ogre
 10421 | D:10     | Reached skill level 5 in Evocations
 10580 | D:11     | Reached **** piety under Okawaru
 10628 | D:10     | Reached skill level 1 in Throwing
 10628 | D:10     | Reached skill level 1 in Invocations
 11489 | D:12     | Noticed a two-headed ogre
 11500 | D:12     | Reached ***** piety under Okawaru
 11503 | D:12     | Identified the ring of Tender Moments {Contam rElec rPois
                  | Will++ AC+4}
 11503 | D:12     | Noticed a deep elf pyromancer
 11514 | D:12     | Killed a two-headed ogre
 11519 | D:12     | Killed a deep elf pyromancer
 11520 | D:12     | Reached XP level 12. HP: 58/104 MP: 5/13
 11914 | D:12     | Found a staircase to the Orcish Mines.
 12278 | D:12     | Received a gift from Okawaru
 12544 | D:12     | Noticed a boulder beetle
 12578 | D:12     | Killed a boulder beetle
 12579 | D:12     | Reached skill level 10 in Fighting
 12579 | D:12     | Reached skill level 10 in Armour
 12786 | D:12     | Reached skill level 10 in Shields
 13534 | D:12     | Reached skill level 5 in Throwing
 13633 | D:12     | Noticed a boulder beetle
 13644 | D:12     | Killed a boulder beetle
 13645 | D:12     | Reached skill level 5 in Invocations
 13746 | D:10     | Identified a scroll of acquirement
 13746 | D:10     | Acquired 1057 gold pieces
 14015 | D:10     | Killed Hiru's ghost
 14180 | Lair:1   | Entered Level 1 of the Lair of Beasts
 14194 | Lair:1   | Noticed a catoblepas
 14214 | Lair:1   | Killed a catoblepas
 14490 | Lair:1   | Received a gift from Okawaru
 14840 | Lair:1   | Got Igann's Verses on Weathered Impulse
 15128 | Lair:1   | Reached XP level 13. HP: 114/114 MP: 16/16
 15414 | Lair:2   | Received a gift from Okawaru
 15537 | Lair:2   | Found a staircase to the Shoals.
 16025 | Lair:2   | Found a runed translucent door.
 16026 | Lair:2   | Noticed croobank's ghost (journeyman TeDe)
 16359 | Lair:2   | Killed croobank's ghost
 16367 | Lair:2   | Identified the +4 falchion of Satyriasis {freeze, rN+
                  | Dex+3}
 16722 | Lair:3   | Found a hole to the Spider Nest.
 17812 | Lair:4   | Found a viscous altar of Jiyva.
 17814 | Lair:4   | Found a staircase to the Slime Pits.
 17821 | Lair:4   | Received a gift from Okawaru
 18436 | Lair:4   | Identified the +1 plate armour "Zafigyn" {Slay+2}
 18987 | Lair:5   | Entered Level 5 of the Lair of Beasts
 19009 | Lair:5   | Reached XP level 14. HP: 125/125 MP: 7/18
 19014 | Lair:5   | Received a gift from Okawaru
 19019 | Lair:5   | Reached ****** piety under Okawaru
 19151 | Lair:5   | Received a gift from Okawaru
 19283 | Lair:5   | Reached skill level 17 in Axes
 19825 | Lair:5   | Received a gift from Okawaru
 21497 | D:13     | Noticed Rupert
 21506 | D:13     | Killed Rupert
 21650 | D:13     | Received a gift from Okawaru
 22296 | Orc:1    | Entered Level 1 of the Orcish Mines
 22296 | Orc:1    | Noticed Jorgrun
 22329 | D:12     | Killed Jorgrun
 22407 | Orc:1    | Noticed an orc warlord
 22438 | D:12     | Killed an orc warlord
 22760 | Orc:1    | Found Badauhogg's Jewellery Emporium.
 22813 | Orc:2    | Entered Level 2 of the Orcish Mines
 22813 | Orc:2    | Found a staircase to the Elven Halls.
 22998 | Orc:2    | Found Peunohaa's Weapon Boutique.
 23291 | Orc:2    | Found Piqut's Antique Weapon Emporium.
 23349 | Orc:2    | Reached XP level 15. HP: 129/136 MP: 8/20
 23441 | Orc:2    | Received a gift from Okawaru
 23491 | Orc:2    | Found Tumok's Assorted Antiques.
 23495 | Orc:2    | Found Gygucu's General Store.
 23520 | Orc:2    | Found Piyk's Antique Armour Emporium.
 23528 | Orc:2    | Bought a pair of jewelled gloves for 294 gold pieces
 23528 | Orc:2    | Identified the +0 pair of gloves "Unauroe" {+Inv Will+}
                  | (You bought it in a shop on level 2 of the Orcish Mines)
 23853 | Orc:2    | Upgraded the game from 0.30-a0-743-gbfdf073431 to
                  | 0.30-a0-748-ge6a52f7cba
 23863 | Orc:1    | Noticed Maurice
 23887 | Orc:1    | Killed Maurice
 23978 | Orc:1    | Found a runed translucent door.
 23986 | Orc:1    | Noticed Runaock's ghost (journeyman DECj)
 23995 | Orc:1    | Killed Runaock's ghost
 24506 | D:14     | Reached skill level 18 in Axes
 24530 | D:14     | Found a gate to the Vaults.
 24602 | D:14     | Noticed Josephine
 24608 | D:14     | Killed Josephine
 24705 | D:14     | Received a gift from Okawaru
 25083 | D:14     | Received a gift from Okawaru
 25378 | D:14     | Identified the +6 spear of Exquisite Torment {flame, rF-
                  | Int+5} (Okawaru gifted it to you on level 14 of the
                  | Dungeon)
 25378 | D:14     | Received a gift from Okawaru
 25425 | D:14     | Reached skill level 10 in Throwing
 25425 | D:14     | Reached skill level 10 in Invocations
 26828 | D:12     | Acquired the +7 broad axe "Nynaseh" {flame, rN+++ Dex-5
                  | SInv}
 27049 | D:3      | Bought a potion of heal wounds for 65 gold pieces
 27049 | D:3      | Bought a potion of curing for 39 gold pieces
 27049 | D:3      | Bought a potion of curing for 39 gold pieces
 27049 | D:3      | Bought a potion of heal wounds for 65 gold pieces
 27097 | D:4      | Bought a potion of curing for 39 gold pieces
 27097 | D:4      | Bought 5 stones for 6 gold pieces
 27097 | D:4      | Bought 9 stones for 11 gold pieces
 27323 | Orc:2    | Bought a potion of haste for 130 gold pieces
 27323 | Orc:2    | Bought a potion of curing for 39 gold pieces
 27323 | Orc:2    | Bought 2 poisoned darts for 15 gold pieces
 27578 | Spider:1 | Entered Level 1 of the Spider Nest
 27877 | Spider:1 | Noticed an emperor scorpion
 27898 | Spider:1 | Killed an emperor scorpion
 28074 | Spider:1 | Identified the +7 war axe "Waazuf" {heavy, rF+ rC+ Int+2
                  | Dex+3} (Okawaru gifted it to you on level 1 of the Spider
                  | Nest)
 28074 | Spider:1 | Received a gift from Okawaru
 29072 | Spider:2 | Reached XP level 16. HP: 121/144 MP: 19/23
 29227 | Spider:1 | Identified the +5 hand axe of Xomitra {drain, Dex+6 SInv}
                  | (Okawaru gifted it to you on level 1 of the Spider Nest)
 29227 | Spider:1 | Received a gift from Okawaru
 29306 | Spider:2 | Acquired the amulet "Ponen" {Acrobat rCorr Int+2}
 30826 | Spider:3 | Received a gift from Okawaru
 31649 | Spider:4 | Entered Level 4 of the Spider Nest
 32832 | Spider:4 | Identified the +5 war axe "Neckam" {freeze, rC+ Int-2 Dex+3
                  | SInv}
 32941 | Spider:4 | Received a gift from Okawaru
 33292 | Spider:4 | Reached skill level 1 in Dodging
 33746 | Spider:4 | Received a gift from Okawaru
 33864 | Spider:4 | Identified the +0 pair of boots "Tangi" {Int+6}
 33884 | Spider:4 | Got a gossamer rune of Zot
 34758 | Shoals:1 | Entered Level 1 of the Shoals
 35133 | Lair:2   | Reached XP level 17. HP: 152/152 MP: 26/26
 35185 | Lair:2   | Received a gift from Okawaru
 35509 | Shoals:1 | Noticed Mlioglotl
 35524 | Lair:2   | Killed Mlioglotl
 35601 | Lair:2   | HP: 7/152 [manticore (8)]
 36335 | Shoals:1 | Identified the +2 leather armour of Toysine {Dex+3}
 36747 | Shoals:2 | Reached skill level 5 in Dodging
 37241 | Shoals:2 | Found a transporter.
 37242 | Shoals:2 | Found a transporter.
 37285 | Shoals:2 | Found a transporter.
 37288 | Shoals:2 | Found a transporter.
 37310 | Shoals:2 | Found a transporter.
 37313 | Shoals:2 | Found Faron's Assorted Antiques.
 37318 | Shoals:2 | Found a transporter.
 37920 | Shoals:3 | Reached skill level 15 in Armour
 37966 | Shoals:3 | Reached skill level 15 in Shields
 38332 | Shoals:3 | Reached skill level 15 in Fighting
 38347 | Shoals:3 | Found a runed translucent gate.
 38347 | Shoals:3 | Found a runed translucent gate.
 38347 | Shoals:3 | Found a runed translucent gate.
 38349 | Shoals:3 | Found an opulent altar of Gozag.
 38352 | Shoals:3 | Noticed Buakyke's ghost (adept OpMo)
 38421 | Shoals:4 | Entered Level 4 of the Shoals
 38425 | Shoals:4 | Identified the +2 pair of gloves of Okawaru's Fury {Dex+4}
                  | (Okawaru gifted it to you on level 4 of the Shoals)
 38425 | Shoals:4 | Received a gift from Okawaru
 38853 | Shoals:4 | Found Uxzaemank's Antique Weapon Shoppe.
 39751 | Shoals:4 | Found Xeqou's Assorted Antiques.
 39768 | Shoals:4 | Bought a scroll of enchant armour for 195 gold pieces
 39989 | Shoals:4 | Got a barnacled rune of Zot
 40016 | Shoals:4 | Identified the +7 quarterstaff "Ofethric" {drain, rC+}
 40098 | Shoals:4 | Found Odielosch's Antique Armour Shop.
 40633 | Shoals:3 | Noticed Louise
 40911 | D:15     | Entered Level 15 of the Dungeon
 40951 | D:15     | Reached XP level 18. HP: 157/165 MP: 27/27
 41125 | D:15     | Found a hazy altar of Hepliaklqana.
 41127 | D:15     | Found a faded altar of an unknown god.
 41183 | D:15     | Found a staircase to the Depths.
 41533 | D:15     | Received a gift from Okawaru
 41633 | D:15     | Received a gift from Okawaru
 41869 | Depths:1 | Entered Level 1 of the Depths
 42220 | Vaults:1 | Entered Level 1 of the Vaults
 42719 | Vaults:1 | Received a gift from Okawaru
 42859 | Vaults:1 | Identified the +1 hat of Filoette {-Cast rF+ Stlth+}
                  | (Okawaru gifted it to you on level 1 of the Vaults)
 42859 | Vaults:1 | Received a gift from Okawaru
 42862 | Vaults:1 | Killed from afar by a fire giant

Illustrated notes

Levels and vault maps discovered:
D:1:      dpeg_arrival_fog, layout_loops_ring
D:2:      layout_loops_corners, basic_altar
D:3:      layout_basic, gammafunk_temple_overflow_elements,
          ebering_ecumenical_altar_webs, serial_shops, nicolae_diamond_shop,
          minmay_stone_trees_small, uniq_crazy_yiuf_cottage, uniq_jessica
D:4:      layout_basic, serial_shops, shop, shop, shop, nicolae_square_shop,
          uniq_natasha
D:5:      layout_cave_pools, st_stairs_12, uniq_menkaure
D:6:      layout_cave_pods, corexii_shack, kennysheep_generic_room_14
D:7:      cheibrodos_helix_gallery, layout_cave_pools, fedhas_altar_3,
          minivault_22
D:8:      layout_basic, uniq_psyche
D:9:      layout_long_grid, nicolae_overflow_hidden_temple,
          mainiacjoe_overflow_tiny_flanked, nicolae_sif_muna_little_library,
          erik_lair_orcish_takeover, kennysheep_potato
D:10:     layout_loops_corners, serial_shops,
          nicolae_shop_competitors_out_of_business, gammafunk_ghost_grave,
          uniq_lodul, uniq_joseph
D:11:     layout_big_octagon
D:12:     layout_cave_pods, erik_orc_2, serial_bayou_ford_a
D:13:     layout_stronghold, uniq_rupert
D:14:     layout_roguey, david_vaults_1, roderic_roman_lattice, uniq_josephine
D:15:     gammafunk_depths_entry_grave, layout_cave_pools, nrook_mini_vaults,
          beargit_hepliaklqana_dungeon_heroes
Temple:   eino_temple_scatter_basement
Lair:1:   layout_cave_pods, grunt_megastairs_2
Lair:2:   layout_gridlike, elwin_shoals_entry_rocks, ebering_ghost_inner_flame
Lair:3:   layout_chaotic_city, nicolae_spider_entry_non_spiders,
          dreamdust_mushroom_princess
Lair:4:   layout_cave_pods, slime_entry_1, grunt_megastairs_1
Lair:5:   gammafunk_lair_ancient_temple, layout_cellular_growth,
          grunt_megastairs_4
Shoals:1: layout_shoals, centaur_isle, uniq_mlioglotl
Shoals:2: layout_shoals, serial_shops, shop, serial_nicolae_subway,
          nicolae_sub_station_metal, nicolae_sub_station_stone,
          nicolae_sub_station_crystal
Shoals:3: layout_shoals, ebering_ghost_gozag, uniq_louise, uniq_ilsuiw
Shoals:4: shoals_end_grunt_garden, layout_shoals, shoals_ilsuiw_ice,
          serial_shops, shop_statue, nicolae_shop_hallway_stairs, shop
Spider:1: nicolae_spider_broodchamber
Spider:2: layout_spider_delve, hangedman_spider_tarantella_strand
Spider:3: layout_spider_delve
Spider:4: grunt_spider_rune_circles
Orc:1:    layout_caves, ebering_ghost_reflecting_pool, serial_shops,
          nicolae_square_shop, uniq_maurice, uniq_jorgrun
Orc:2:    st_orc_elflike, layout_caves, serial_shops,
          nicolae_shop_bloodbath_and_beyond, mines1_david
Vaults:1: hangedman_vaults_nodes, ontoclasm_vaults_eye,
          ontoclasm_vaults_shuriken, nicolae_vaults_angled_halls,
          nicolae_vaults_little_squares_4, v_misc_5,
          nicolae_vaults_little_squares_2, vaults_dpeg_emergency_exit,
          layout_vaults_omnigrid, uniq_donald
Depths:1: layout_gridlike, grunt_qazlal_clouds, grunt_mini_vestibule,
          kennysheep_okawaru_gauntlet, serial_bayou_shore_a,
          nicolae_triple_integral, minmay_shop_star

Skill      XL: |  1  2  3  4  5  6  7  8  9 10 11 12 13 14 15 16 17 18 |
---------------+-------------------------------------------------------+-----
Fighting       | 4 7 9 10 11 13 14 15 16 | 16.2
Armour         | 4 7 9 10 12 13 14 15 16 | 16.3
Axes           | 3 4 5 7 8 10 13 16 17 18 | 18.0
Shields        | 4 7 9 10 12 13 14 15 16 | 16.3
Evocations     | 1 4 5 7 9 |  9.0
Throwing       | 3 5 7 8 10 | 10.0
Invocations    | 3 5 7 8 11 14 | 14.0
Dodging        | 3 7 8 |  8.9

Action                     |  1- 3 |  4- 6 |  7- 9 | 10-12 | 13-15 | 16-18 || total
---------------------------+-------+-------+-------+-------+-------+-------++-------
  Melee: War axe           |    84 |    91 |   230 |   497 |       |       ||   902
         Headbutt          |     7 |    12 |    35 |   136 |   288 |   231 ||   709
         Broad axe         |       |       |       |    37 |  1125 |   975 ||  2137
  Throw: Stone             |       |       |       |    35 |    38 |    84 ||   157
         Javelin           |       |       |       |       |     9 |       ||     9
         Boomerang         |       |       |       |       |     2 |    57 ||    59
 Invoke: Heroism           |       |       |       |     5 |     8 |     4 ||    17
         Finesse           |       |       |       |     1 |     7 |     4 ||    12
  Evoke: Wand              |       |       |       |       |     7 |       ||     7
    Use: Scroll            |       |     5 |     4 |    17 |     7 |     5 ||    38
         Potion            |       |       |     1 |       |     3 |     9 ||    13
 Armour: Scale mail        |    27 |       |       |       |       |       ||    27
         Chain mail        |    12 |    40 |    89 |    13 |       |       ||   154
         Plate armour      |       |       |       |   221 |   670 |   608 ||  1499
  Dodge: Dodged            |    33 |    28 |    73 |    85 |   216 |   314 ||   749
  Block: Buckler           |    15 |    19 |    52 |       |       |       ||    86
         Tower shield      |       |       |     7 |   442 |   921 |  1042 ||  2412
         Reflection        |       |       |       |       |       |    17 ||    17

Table legend: (Time is in decaauts)
 A = Elapsed time spent in this place.
 B = Non-inter-level travel time spent in this place.
 C = Inter-level travel time spent in this place.
 D = Time resting spent in this place.
 E = Time spent auto-exploring this place.
 F = Levels seen in this place.
 G = Mean time per level.
                   A        B        C        D        E       F      G
               +--------+--------+--------+--------+--------+-----+--------+
         Total |  43094 |  39374 |   3720 |  13576 |  11516 |  33 | 1305.9 |
       Dungeon |  20405 |  17882 |   2523 |   5245 |   7553 |  15 | 1360.3 |
        Temple |    198 |    184 |     14 |      0 |    168 |   1 |  198.0 |
          Lair |   8837 |   8116 |    721 |   2843 |   2525 |   5 | 1767.4 |
        Shoals |   4802 |   4611 |    191 |   1935 |    373 |   4 | 1200.5 |
   Spider Nest |   6580 |   6396 |    184 |   2922 |    509 |   4 | 1645.0 |
  Orcish Mines |   1631 |   1546 |     85 |    297 |    388 |   2 |  815.5 |
        Vaults |    632 |    632 |      0 |    334 |      0 |   1 |  632.0 |
        Depths |      5 |      5 |      0 |      0 |      0 |   1 |    5.0 |
               +--------+--------+--------+--------+--------+-----+--------+

Top non-repeatable levels by time:
    D:12: 3018 daAuts
    D:10: 2610 daAuts
  Lair:2: 2537 daAuts
Spider:4: 2098 daAuts
  Lair:3: 1883 daAuts
    D:14: 1848 daAuts
Shoals:4: 1727 daAuts
Spider:2: 1719 daAuts
  Lair:5: 1571 daAuts
Shoals:2: 1458 daAuts
  Lair:1: 1426 daAuts
  Lair:4: 1419 daAuts
Spider:3: 1396 daAuts
Spider:1: 1367 daAuts
     D:4: 1361 daAuts
